 Dungeon Crawl Stone Soup version 0.24-a0-335-g06ca16a (webtiles) character file.

Game seed: 6669586625124711523

3692 MisterFreud the Grappler (level 9, -2/89 HPs)
             Began as a Troll Monk on May 18, 2019.
             Was a Priest of Okawaru.
             Slain by a hippogriff (7 damage)
             ... on level 8 of the Dungeon.
             The game lasted 00:12:04 (6069 turns).

MisterFreud the Grappler (Troll Monk)               Turns: 6069, Time: 00:12:05

Health: -2/89      AC:  6    Str: 24    XL:     9   Next: 90%
Magic:  11/11      EV: 11    Int: 10    God:    Okawaru [***...]
Gold:   148        SH:  9    Dex: 12    Spells: 8/8 levels left

rFire    . . .     SeeInvis .     - Unarmed
rCold    . . .     Gourm    +   r - +0 shield
rNeg     . . .     Faith    .   a - +0 robe
rPois    .         Spirit   .   (helmet restricted)
rElec    .         Reflect  .   (no cloak)
rCorr    .         Harm     .   (gloves unavailable)
MR       .....                  (boots unavailable)
Stlth    ++........             (no amulet)
HPRegen  0.64/turn              i - +4 ring of intelligence
MPRegen  0.12/turn              (no ring)

@: no status effects
A: large, unfitting armour, claws 3, fast metabolism 3, gourmand, regeneration
1, shaggy fur 1, tough skin 3
a: Heroism, Renounce Religion


You were on level 8 of the Dungeon.
You worshipped Okawaru.
Okawaru was most pleased with you.
You were full.

You visited 2 branches of the dungeon, and saw 9 of its levels.

You collected 343 gold pieces.
You spent 195 gold pieces at shops.

Inventory:

Missiles
 d - 281 stones (quivered)
 t - 4 boomerangs
Armour
 a - a +0 robe (worn)
 r - a +0 shield (worn)
Jewellery
 i - a +4 ring of intelligence (left claw)
 p - an uncursed ring of fire
Wands
 w - a wand of iceblast (11)
Scrolls
 g - 2 scrolls of remove curse
 h - a scroll of enchant armour {unknown}
 j - 2 scrolls of fear
 k - 2 scrolls of blinking
 m - 3 scrolls of teleportation
 o - a scroll of noise {unknown}
 v - 4 scrolls of identify
 y - 2 scrolls of enchant weapon {unknown}
 z - a scroll of summoning {unknown}
Potions
 c - 3 potions of curing
 e - a potion of mutation
 f - 2 potions of brilliance
 l - 3 potions of lignification
 n - 4 potions of flight
 q - a potion of might
 s - a potion of agility
 u - a potion of cancellation
 x - a potion of berserk rage
Comestibles
 b - 13 rations


   Skills:
 - Level 6.2 Fighting
 + Level 6.3 Dodging
 - Level 1.0 Stealth
 - Level 4.1 Shields
 + Level 8.2 Unarmed Combat
 - Level 4.1 Invocations


You had 8 spell levels left.
You didn't know any spells.
Your spell library contained the following spells:

 Spells                   Type           Power        Failure   Level  Hunger
 Animate Skeleton         Necr           N/A          71%         1    ##.....
 Apportation              Tloc           #.....       71%         1    ##.....
 Confusing Touch          Hex            #.....       71%         1    ##.....
 Magic Dart               Conj           #...         71%         1    ##.....
 Summon Small Mammal      Summ           #...         71%         1    ##.....
 Blink                    Tloc           N/A          85%         2    ###....
 Call Imp                 Summ           #.......     85%         2    ###....
 Slow                     Hex            #.......     85%         2    ###....
 Conjure Flame            Conj/Fire      #.......     97%         3    ####...
 Mephitic Cloud           Conj/Pois/Air  #.......     97%         3    ####...


Dungeon Overview and Level Annotations

Branches:
Dungeon (8/15)             Temple (1/1) D:6
   Lair: D:8-11

Altars:
Ashenzari
Cheibriados
Dithmenos
Elyvilon
Fedhas
Gozag
Hepliaklqana
Kikubaaqudgha
Makhleb
Nemelex Xobeh
Okawaru
Qazlal
Ru
Sif Muna
Trog
Uskayaw
Vehumet
Wu Jian
Xom
Yredelemnul
Zin
The Shining One

Shops:
D:4 =?[(

Annotations:
D:4 2 transporters


Innate Abilities, Weirdness & Mutations

You are too large for most types of armour.
You have claws for hands.
Your metabolism is lightning-fast.
You like to eat raw meat.
Your natural rate of healing is unusually fast.
You are covered in fur. (AC +1)
You have extremely tough skin. (AC +3)


Message History

* * * LOW HITPOINT WARNING * * *
The hippogriff claws you but does no damage.
You barely miss the hippogriff.
The hippogriff is severely wounded.
The hippogriff bites you.
* * * LOW HITPOINT WARNING * * *
The hippogriff pecks you.
* * * LOW HITPOINT WARNING * * *
The hippogriff claws you but does no damage.
You claw the hippogriff!
The hippogriff is almost dead.
The hippogriff bites you!
* * * LOW HITPOINT WARNING * * *
The hippogriff pecks you but does no damage.
The hippogriff claws you.
* * * LOW HITPOINT WARNING * * *
You barely miss the hippogriff.
The hippogriff is almost dead.
The hippogriff bites you!
You die...

#... ##..)........#.....
##...##..................
.....r....#.....#).#.....
.......DH......##........
......§§..#H...##)##.....
#...##§###....##.# ....
#. ### #.##.##.# ...
#.......# ## ####@####
#H# #.# #.# #.# #.. .## .
.


You could see a hippogriff.

Vanquished Creatures
  Joseph (D:7)
  Grinder (D:3)
  2 hippogriffs
  A steam dragon (D:8)
  An orc warrior (D:8)
  A phantom (D:4)
  A sky beast (D:6)
  3 ice beasts
  4 ogres
  3 centaurs
  A big kobold (D:7)
  2 bullfrogs
  2 scorpions
  2 howler monkeys
  A centaur zombie (D:6)
  2 crimson imps (D:5)
  A hound (D:4)
  4 orc priests
  4 centaur skeletons
  5 orc wizards
  3 iguanas
  4 worker ants
  2 killer bee zombies (D:6)
  Robin (D:3)
  10 adders
  4 gnolls (D:5)
  2 howler monkey skeletons
  4 oozes
  3 adder skeletons
  3 worms
  A dart slug (D:3)
  4 leopard geckos
  32 orcs
  A ball python (D:1)
  3 giant cockroaches
  8 hobgoblins
  4 jackals
  7 quokkas
  A ball python skeleton (D:4)
  16 bats
  8 frilled lizards
  9 goblins
  6 kobolds
  A leopard gecko skeleton (D:7)
  2 quokka skeletons
  A quokka zombie (D:7)
  7 rats
189 creatures vanquished.

Vanquished Creatures (others)
  6 plants (D:4)
6 creatures vanquished.

Grand Total: 195 creatures vanquished

Notes
Turn   | Place    | Note
-------+----------+-------------------------------------------
     0 | D:1      | MisterFreud the Troll Monk began the quest for the Orb.
     0 | D:1      | Reached XP level 1. HP: 22/22 MP: 0/0
   130 | D:1      | Reached XP level 2. HP: 26/29 MP: 1/1
   283 | D:1      | Reached skill level 4 in Unarmed Combat
   492 | D:2      | Reached XP level 3. HP: 34/36 MP: 2/2
  1246 | D:3      | Reached skill level 5 in Unarmed Combat
  1246 | D:3      | Reached XP level 4. HP: 37/44 MP: 3/3
  1377 | D:3      | Noticed Grinder
  1381 | D:3      | Paralysed by Grinder for 3 turns
  1386 | D:3      | Killed Grinder
  1386 | D:3      | Reached skill level 7 in Unarmed Combat
  1386 | D:3      | Reached XP level 5. HP: 4/50 MP: 4/4
  1386 | D:3      | Reached XP level 6. HP: 5/59 MP: 5/5
  1500 | D:3      | Found a hazy altar of Hepliaklqana.
  1701 | D:3      | Noticed Robin
  1716 | D:3      | Killed Robin
  1792 | D:3      | Found a glowing golden altar of the Shining One.
  2243 | D:4      | Found Tefonooq's Magic Scroll Shop.
  2353 | D:4      | Reached skill level 8 in Unarmed Combat
  2353 | D:4      | Reached XP level 7. HP: 64/66 MP: 6/6
  2363 | D:4      | Bought a scroll of identify for 26 gold pieces
  2363 | D:4      | Bought a scroll of remove curse for 39 gold pieces
  2363 | D:4      | Bought 3 scrolls of identify for 78 gold pieces
  2363 | D:4      | Bought a scroll of identify for 26 gold pieces
  2363 | D:4      | Bought a scroll of identify for 26 gold pieces
  2407 | D:4      | Found Roadin's Antique Armour Emporium.
  2556 | D:4      | Found Soqivol's Weapon Boutique.
  2589 | D:4      | Found a transporter.
  2590 | D:4      | Found a transporter.
  2849 | D:4      | Found a glowing silver altar of Zin.
  3070 | D:4      | Found Jaho's Jewellery Shop.
  3368 | D:5      | Entered Level 5 of the Dungeon
  3448 | D:5      | Reached skill level 5 in Dodging
  3449 | D:5      | Reached XP level 8. HP: 43/74 MP: 7/7
  3641 | D:5      | Reached skill level 1 in Shields
  4095 | D:5      | Found a shadowy altar of Dithmenos.
  4432 | D:6      | Reached XP level 9. HP: 83/83 MP: 8/8
  4533 | D:6      | Found a staircase to the Ecumenical Temple.
  4555 | Temple   | Entered the Ecumenical Temple
  4720 | D:6      | Found an iron altar of Okawaru.
  4735 | D:6      | Became a worshipper of Warmaster Okawaru
  4735 | D:6      | Reached * piety under Okawaru
  4735 | D:6      | Reached ** piety under Okawaru
  4872 | D:6      | Found a deep blue altar of Sif Muna.
  5039 | D:7      | Noticed Joseph
  5048 | D:7      | Killed Joseph
  5048 | D:7      | Reached skill level 1 in Invocations
  5152 | D:7      | Reached skill level 5 in Fighting
  5745 | D:7      | Reached *** piety under Okawaru
  6069 | D:8      | Slain by a hippogriff

Levels and vault maps discovered:
D:1:      wander_arrival_desolate, layout_rooms
D:2:      layout_loops_ring
D:3:      layout_loops_corners, nicolae_overflow_crystal_walls, tso_metal_star,
          minmay_circle_x, uniq_grinder, uniq_robin
D:4:      layout_loops_corners, kennysheep_mini, serial_shops, shop,
          nicolae_shop_stone, shop, kennysheep_little_box,
          gammafunk_ghost_gnarly_gnolls, saegor_snake_ambush
D:5:      layout_basic, grunt_dithmenos_smoke_and_mirrors, first_ration
D:6:      layout_rooms, led_sif_book, lemuel_crystal_altar,
          minmay_temple_entry_tees
D:7:      layout_basic, uniq_joseph
D:8:      layout_loops_cross, basic_altar
Temple:   eino_temple_scatter_basement

Skill      XL: |  1  2  3  4  5  6  7  8  9 |
---------------+----------------------------+-----
Unarmed Combat | 4 5 7 8 |  8.2
Dodging        | 5 6 |  6.3
Shields        | 4 |  4.1
Fighting       | 3 6 |  6.2
Invocations    | 4 |  4.1
Stealth        | |  1.0

Action                   |  1- 3 |  4- 6 |  7- 9 || total
-------------------------+-------+-------+-------++-------
Melee: Unarmed           |   106 |    92 |   342 ||   540
       Punch             |     1 |     4 |     4 ||     9
  Use: Scroll            |       |       |    14 ||    14
 Stab: Sleeping          |     2 |     2 |     3 ||     7
  Eat: Chunk             |    14 |    12 |    31 ||    57
Armor: Robe              |    47 |    27 |    64 ||   138
Dodge: Dodged            |    86 |    43 |   127 ||   256
Block: Shield            |       |       |    91 ||    91

Table legend:
 A = Non-vault XP
 B = Vault XP
 C = Vault XP percentage of total XP
 D = Non-vault monster count
 E = Vault monster count
 F = Vault count percentage of total count
                 A         B        C        D         E       F
            +---------+---------+-------+---------+---------+-------
      Total |    4442 |     833 |  15.8 |     172 |      17 |   9.0
            +---------+---------+-------+---------+---------+-------
        D:1 |      38 |       0 |   0.0 |      18 |       0 |   0.0
        D:2 |      56 |       0 |   0.0 |      24 |       0 |   0.0
        D:3 |     158 |     327 |  67.4 |      28 |      13 |  31.7
        D:4 |     701 |      27 |   3.7 |      18 |       2 |  10.0
        D:5 |    1040 |       0 |   0.0 |      33 |       0 |   0.0
        D:6 |     752 |      40 |   5.1 |      23 |       1 |   4.2
        D:7 |    1221 |     439 |  26.4 |      20 |       1 |   4.8
        D:8 |     476 |       0 |   0.0 |       8 |       0 |   0.0
            +---------+---------+-------+---------+---------+-------
